 Dungeon Crawl Stone Soup version 0.14.0-12-g87ee3b7 (webtiles) character file.

189 Yermak the Ruffian (level 4, -1/33 HPs)
             Began as a Ghoul Venom Mage on Apr 17, 2014.
             Killed from afar by an orc wizard (5 damage)
             ... with a magic dart
             ... on Level 3 of the Dungeon.
             The game lasted 00:12:03 (2001 turns).

Yermak the Ruffian (Ghoul Venom Mage)               Turns: 2001, Time: 00:12:04

HP  -1/33        AC  2     Str 11      XL: 4   Next: 59%
MP   5/5         EV 17     Int 10      God:
Gold 98          SH  0     Dex 15      Spells:  1 memorised,  5 levels left

rFire  . . .     SeeInvis .       - Unarmed
rCold  + + .     Clarity  .     a - +0 robe
rNeg   + + +     Conserve .     (no shield)
rPois  +         rCorr    .     (no helmet)
rElec  .         rRot     +     (no cloak)
SustAb . .       Spirit   .     (no gloves)
rMut   .         Warding  .     (no boots)
Saprov + + +     Stasis   +     H - amulet of stasis {unknown}
MR     +....                    J - ring of protection from cold {unknown}
                                D - ring of protection from magic {unknown}

@: agile, rotting, somewhat resistant to hostile enchantments, quite stealthy
A: rotting body, claws 1, carnivore 3, cold resistance 1, life protection 3,
poison resistance, saprovore 3, slow healing 1, torment resistance, unbreathing
a: no special abilities


You were on level 3 of the Dungeon.
You were not hungry.

You visited 1 branch of the dungeon, and saw 3 of its levels.

You collected 98 gold pieces.

Inventory:

Hand weapons
 w - a +0,+0 dagger
Missiles
 e - 26 darts (quivered)
 k - 46 stones
 o - 8 poisoned needles
Armour
 a - a +0 robe (worn)
 m - a +0 ring mail
 t - a +0 ring mail
 z - a +0 scale mail
 W - a +0 ring mail
Comestibles
 K - 3 chunks of hobgoblin flesh
 L - a meat ration
 P - a chunk of giant newt flesh
 X - 2 rotting chunks of orc flesh
 Y - 2 rotting chunks of orc flesh
 Z - 2 chunks of goblin flesh
Scrolls
 d - a scroll of fear {unknown}
 f - a scroll of teleportation {unknown}
 i - 2 scrolls of enchant weapon I {unknown}
 j - 4 scrolls of remove curse {unknown}
 n - 2 scrolls of noise {unknown}
 r - a scroll of blinking {unknown}
 y - a scroll of enchant armour {unknown}
 M - 2 scrolls of immolation {unknown}
 O - a scroll of fog {unknown}
 V - 2 scrolls of identify {unknown}
Jewellery
 D - a ring of protection from magic (left claw) {unknown}
 H - an amulet of stasis (around neck) {unknown}
 J - a ring of protection from cold (right claw) {unknown}
Potions
 g - a potion of agility
 N - a potion of curing {unknown}
 R - a potion of restore abilities {unknown}
 T - a potion of degeneration {unknown}
Books
 b - a Young Poisoner's Handbook

   Spells                             Type                      Level
   *Sting                             Conjuration/Poison           1
   Cure Poison                        Poison                       2
   Mephitic Cloud                     Conjuration/Poison/Air       3
   Olgreb's Toxic Radiance            Poison                       4
   Venom Bolt                         Conjuration/Poison           5


   Skills:
 - Level 1.7 Dodging
 - Level 2.1 Stealth
 + Level 4.4 Unarmed Combat
 - Level 1.7 Spellcasting
 - Level 4.0 Poison Magic


You had 5 spell levels left.
You knew the following spells:

 Your Spells              Type           Power        Failure   Level  Hunger
a - Sting                 Conj/Pois      #...         17%         1    ##.....


Dungeon Overview and Level Annotations

Branches:
Dungeon (3/15)

Altars:


Innate Abilities, Weirdness & Mutations

Your body is rotting away.
You have sharp fingernails.
You are carnivorous and can eat meat at any time.
Your flesh is cold resistant.
You are immune to negative energy.
Your system is resistant to poisons.
You thrive on rotten meat.
You heal slowly when monsters are visible.
You are immune to unholy pain and torment.
You can survive without breathing.


Message History

You smell something rotten. (slot X)
You hit something. Something completely misses you.
You closely miss something. Something hits you!
Eat a rotting chunk of kobold flesh? (ye/n/q/i?) This rotting flesh tastes delicious!
You hear some strange, mumbled words.
The puff of flame hits you!
* * * LOW HITPOINT WARNING * * *
You continue eating.
You hear some strange, mumbled words.
The puff of flame misses you.
You continue eating.
Something hits you.
* * * LOW HITPOINT WARNING * * *
Drink which item? (? for menu, Esc to quit)
You feel agile all of a sudden.
It was a potion of agility.
You hear some strange, mumbled words.
The magic dart hits you!
You die...

#.#.#
###.#.##
.......######
.............
####...######
.........#
####...#.# #
##.##.#
########>.#..
# .#
#.@[oo......#
# .#
#.###w......(
# .# #.#
.##.### # .#
#.# .# ### #
. #.# .# ..#
. . # #.# .#
#.. .... #
#.# .# #.#
#... #####.#
#.# .# ##.##
#... ........
#.# .
#...####..#


You could see a worm and 2 orcs.

Vanquished Creatures
  2 adders (D:2)
  A giant mite (D:3)
  6 orcs (D:3)
  A ball python (D:2)
  9 bats
  4 giant cockroaches (D:1)
  2 goblins
  8 hobgoblins
  3 jackals (D:3)
  8 kobolds
  2 giant geckos
  4 giant newts
  6 rats
56 creatures vanquished.

Notes
Turn   | Place    | Note
--------------------------------------------------------------
     0 | D:1      | Yermak, the Ghoul Venom Mage, began the quest for the Orb.
     0 | D:1      | Reached XP level 1. HP: 14/14 MP: 2/2
    15 | D:1      | Reached skill level 1 in Unarmed Combat
   240 | D:1      | Reached XP level 2. HP: 20/20 MP: 3/3
   981 | D:2      | Reached XP level 3. HP: 26/26 MP: 1/5
  1493 | D:2      | Reached XP level 4. HP: 31/33 MP: 5/5
  2001 | D:3      | Killed from afar by an orc wizard

Action                   |  1- 3 |  4- 6 || total
-------------------------+-------+-------++-------
Melee: Unarmed           |   113 |    74 ||   187
Throw: Dart              |    27 |       ||    27
 Cast: Sting             |    24 |       ||    24
  Use: Potion            |       |     1 ||     1
 Stab: Sleeping          |     1 |     1 ||     2
